 Dungeon Crawl Stone Soup version 0.31.0-12-g77e489cdc1 (webtiles) character file.

Game seed: 2939048233950779932

126 Gadfly the Insei (level 4, -7/33 (35) HPs)
             Began as a Demonspawn Monk on Mar 2, 2024.
             Mangled by Crazy Yiuf
             ... wielding a +4 quarterstaff of chaos
              (11 damage)
             ... on level 3 of the Dungeon.
             The game lasted 00:04:46 (1888 turns).

Gadfly the Insei (Demonspawn Monk)                  Turns: 1888, Time: 00:04:46

HP:   -7/33 (35)    AC:  3    Str: 11 (14) XL:     4   Next: 83%
MP:   6/6           EV: 13    Int: 10      God:
Gold: 102           SH:  0    Dex: 14 (15) Spells: 3/3 levels left

rFire   + .          .
                       - Unarmed
rCold   + . .        c - orb {light}
rNeg    . . .        a - +0 robe
rPois   +            (helmet restricted)
rElec   +            e - scarf {repulsion}
rCorr   +            (no gloves)
SInv    .            h - +0 pair of boots
Will    .....        l - amulet of regeneration
Stlth   +            (no ring)
HPRegen 1.05/turn    (no ring)
MPRegen 0.10/turn

%: repel missiles
@: resistant, weak-willed, glowing, drained
A: horns 1, fangs 1, high MP 1
a: no special abilities


You were on level 3 of the Dungeon.
You visited 1 branch of the dungeon, and saw 3 of its levels.

You collected 102 gold pieces.

Inventory:

Hand Weapons
 b - a +1 hand axe of flaming
 f - a +2 hammer of protection
Armour
 a - a +0 robe (worn)
 c - an orb of light (worn)
 e - a scarf of repulsion (worn)
 h - a +0 pair of boots (worn)
Jewellery
 l - an amulet of regeneration (around neck)
Wands
 k - a wand of digging (5)
Scrolls
 d - a scroll of fear


   Skills:
 - Level 3.0 Fighting
 + Level 3.1 Dodging
 * Level 3.5 Unarmed Combat
 * Level 2.9 Invocations
 * Level 2.3 Evocations


You had 3 spell levels left.
You didn't know any spells.
Your spell library was empty.

Dungeon Overview and Level Annotations

Branches:
Dungeon (2/15)

Altars:

Annotations:
D:3 Crazy Yiuf


Innate Abilities, Weirdness & Mutations

You have a pair of small horns on your head.
You have very sharp teeth.
You have an increased reservoir of magic. (+10% MP)


Message History

You assume a fearsome visage.
Crazy Yiuf looks frightened!
Crazy Yiuf begs for mercy.
You see here a +0 hammer.
You see here a +0 hammer.
You start resting.
HP restored.
You start waiting.
Done waiting.
Okay, then.
You aren't carrying any potions.
Okay, then.
Your +1 hand axe of flaming bursts into flame!
b - a +1 hand axe of flaming (weapon)
You see here a +0 hammer.
You see here a +2 hammer of protection.
f - a +2 hammer of protection Your +1 hand axe of flaming stops flaming.
You are now empty-handed.
Okay, then.
Crazy Yiuf shouts!
Okay, then.
Unknown command.
Crazy Yiuf grits, "Mountain noodlescoop pizzabubble!"
You hit Crazy Yiuf but do no damage. You headbutt Crazy Yiuf.
Crazy Yiuf is moderately wounded.
Crazy Yiuf misses you.
You hit Crazy Yiuf.
Crazy Yiuf is moderately wounded.
Crazy Yiuf hits you with a +4 quarterstaff of chaos!
Ouch! That really hurt!
Your willpower is stripped away!
You hit Crazy Yiuf.
Crazy Yiuf is heavily wounded.
Crazy Yiuf hits you with a +4 quarterstaff of chaos!
* * * LOW HITPOINT WARNING * * *
You feel protected.
You hit Crazy Yiuf. Your headbutt misses Crazy Yiuf.
Crazy Yiuf is severely wounded.
Crazy Yiuf hits you with a +4 quarterstaff of chaos!
You die...

#..............
#..)....#...###
########'...... ##......
#...... ###### ###
#...... ##....## ###..)#
#...... #..)...####.'...#
#...... #..).)..#@g##...#
#...#'# #.#....#.### ###
#####.# #.######## #.#
#..# ######'# ##.#
##############.......
#.###....................
#........................
##########...............
#...........##.#


You could see Crazy Yiuf.

Vanquished Creatures
  A hound (D:3)
  Terence (D:3)
  2 adders
  A ribbon worm (D:3)
  3 bats
  5 endoplasms
  2 giant cockroaches
  6 hobgoblins
  2 jackals (D:1)
  3 kobolds
  9 ball pythons
  4 frilled lizards
  5 goblins
  6 rats
50 creatures vanquished.

Notes
Turn   | Place    | Note
-------+----------+-------------------------------------------
     0 | D:1      | Gadfly the Demonspawn Monk began the quest for the Orb.
     0 | D:1      | Reached XP level 1. HP: 18/18 MP: 1/1
   220 | D:1      | Reached skill level 1 in Invocations
   223 | D:1      | Gained mutation: You have a pair of small horns on your
                  | head. [demonic ancestry]
   223 | D:1      | Reached XP level 2. HP: 24/24 MP: 2/2
   347 | D:1      | Reached skill level 1 in Evocations
   961 | D:2      | Reached XP level 3. HP: 28/29 MP: 4/4
  1176 | D:2      | You fall into a shaft and drop 1 floor!
  1223 | D:3      | Reached XP level 4. HP: 18/35 MP: 5/5
  1353 | D:3      | Noticed Terence
  1400 | D:3      | Killed Terence
  1721 | D:3      | Found a runed translucent door.
  1730 | D:3      | Noticed Crazy Yiuf
  1733 | D:3      | Gained mutation: You have very sharp teeth. [potion of
                  | mutation]
  1733 | D:3      | Gained mutation: You have an increased reservoir of magic.
                  | (+10% MP) [potion of mutation]
  1888 | D:3      | Mangled by Crazy Yiuf

Illustrated notes

Levels and vault maps discovered:
D:1:      heliophobic_arrival_ceremonial_halls, layout_basic,
          minmay_crystal_room
D:2:      layout_basic
D:3:      layout_basic, uniq_terence, uniq_crazy_yiuf_cottage

Skill      XL: |  1  2  3 |
---------------+----------+-----
Invocations    | 1 2 |  2.9
Evocations     | 1 2 |  2.3
Unarmed Combat | 3 |  3.5
Dodging        | 3 |  3.1
Fighting       | |  3.0

Action                     |  1- 3 |  4- 6 || total
---------------------------+-------+-------++-------
  Melee: Unarmed           |   107 |    72 ||   179
         Headbutt          |    11 |    19 ||    30
         Bite              |       |     2 ||     2
    Use: Scroll            |     2 |     2 ||     4
         Potion            |       |     6 ||     6
 Armour: Robe              |    48 |    28 ||    76
  Dodge: Dodged            |    73 |    36 ||   109
